 Dungeon Crawl Stone Soup version 0.19-a0-1442-g3b32ff5 (webtiles) character file.

108 Amnesiac the Insei (level 4, -5/28 HPs)
             Began as an Octopode Transmuter on Sept 6, 2016.
             Killed from afar by an orc wizard (8 damage)
             ... with a puff of flame
             ... on level 4 of the Dungeon.
             The game lasted 00:02:15 (1341 turns).

Amnesiac the Insei (Octopode Transmuter)            Turns: 1341, Time: 00:02:16

Health: -5/28      AC:  2    Str:  9    XL:     4   Next: 87%
Magic:  5/7        EV: 20    Int: 15    God:
Gold:   64         SH:  0    Dex: 18    Spells: 3 memorised, 1 level left

rFire  . . .     SeeInvis .       - Unarmed
rCold  . . .     Gourm    .     (shield currently unavailable)
rNeg   . . .     Faith    .     (helmet currently unavailable)
rPois  x         Spirit   .     (no amulet)
rElec  .         Dismiss  .     (no ring)
rCorr  .         Reflect  .     (no ring)
MR     .....     Harm     .     (no ring)
Stlth  ++........               (no ring)
                                (no ring)
                                (no ring)
                                (no ring)
                                (no ring)

@: spider-form (expiring)
A: almost no armour, stealthy swim, (amphibious), 8 rings, (constrict 8),
(camouflage 0), (gelatinous body 0)
a: End Transformation


You were on level 4 of the Dungeon.
You were very hungry.
You were a venomous arachnid creature.
You visited 1 branch of the dungeon, and saw 4 of its levels.

You collected 64 gold pieces.

Inventory:

Missiles
 a - 30 arrows
Jewellery
 d - an uncursed ring of resist corrosion {unknown}
Wands
 m - a wand of random effects (6/48)
Scrolls
 e - 2 scrolls of fear {unknown}
 f - a scroll of remove curse {unknown}
 h - 3 scrolls of identify {unknown}
 l - a scroll of amnesia {unknown}
 o - a scroll of magic mapping {unknown}
 q - a scroll of recharging {unknown}
Potions
 i - a potion of cancellation {unknown}
 j - 2 potions of flight {unknown}
 k - 2 potions of curing {unknown}
 p - a potion of brilliance {unknown}
Books
 b - a book of Changes

   Spells                             Type                      Level
   a - Beastly Appendage              Transmutation                1
   b - Sticks to Snakes               Transmutation                2
   c - Spider Form                    Transmutation/Poison         3
   d - Ice Form                       Ice/Transmutation            4
   e - Blade Hands                    Transmutation                5
Comestibles
 c - 2 bread rations
 g - 3 fruits
 n - a meat ration


   Skills:
 + Level 1.0 Fighting
 + Level 2.0 Dodging
 * Level 4.0 Unarmed Combat
 + Level 2.0 Spellcasting
 * Level 4.0 Transmutations


You had one spell level left.
You knew the following spells:

 Your Spells              Type           Power        Failure   Level  Hunger
a - Beastly Appendage     Tmut           ##....       14%         1    #......
d - Sticks to Snakes      Tmut           ##......     21%         2    ###....
e - Spider Form           Tmut/Pois      #.........   52%         3    ###....


Dungeon Overview and Level Annotations

Branches:
Dungeon (4/15)
 Temple: D:4-7

Altars:


Innate Abilities, Weirdness & Mutations

You cannot wear most types of armour.
You are very stealthy in the water.
((You are amphibious.))
You can wear up to eight rings at the same time.
((You can use your tentacles to constrict eight enemies at once.))
((Your skin changes colour to match your surroundings (Stealth+).))
((Your rubbery body absorbs attacks. (AC +1, EV +1)))


Message History

The puff of frost hits you!
You closely miss the orc wizard.
The orc wizard is moderately wounded.
The orc wizard hits you with a dagger.
* * * LOW HITPOINT WARNING * * *
Unknown command.
You hit the orc wizard.
The orc wizard looks as sick as possible!
The orc wizard is severely wounded.
The orc wizard points at you and mumbles some strange words.
The magic dart hits you!
* * * LOW HITPOINT WARNING * * *
Unknown command.
You hit the orc wizard but do no damage.
The orc wizard looks as sick as possible!
The orc wizard is severely wounded.
Your transformation is almost over.
The orc wizard casts a spell at you. The puff of flame hits you!
You die...

..# ..# ### #..
... #.. ##..#
..#....#
##.###.#.#.####
.......o....<..
.#####.s.# #
.......)##.#
...........#
######...####
#(#.......
####'#..##..#
#.......# ...
#..(....##..#
#........#..#


You could see an orc wizard.

Vanquished Creatures
  2 worker ants (D:4)
  2 adders
  An ooze (D:2)
  12 orcs
  A bat (D:2)
  A giant cockroach (D:4)
  3 goblins
  3 hobgoblins
  A kobold (D:2)
  A giant newt (D:1)
27 creatures vanquished.

Notes
Turn   | Place    | Note
-------+----------+-------------------------------------------
     0 | D:1      | Amnesiac the Octopode Transmuter began the quest for the Orb.
     0 | D:1      | Reached XP level 1. HP: 13/13 MP: 3/3
   194 | D:2      | Reached XP level 2. HP: 16/18 MP: 5/5
   198 | D:2      | Learned a level 2 spell: Sticks to Snakes
   534 | D:3      | Reached XP level 3. HP: 23/23 MP: 4/6
   550 | D:3      | Learned a level 3 spell: Spider Form
   984 | D:4      | Reached XP level 4. HP: 14/28 MP: 4/7
  1341 | D:4      | Killed from afar by an orc wizard

Vault maps used:
D:1:      lightli_arrival_maybe_door_vault, minmay_pentomino_t2
D:2:      yredelemnul_altar_generic, uniq_iyjb
D:3:      ecumenical_altar_1, uniq_grinder, uniq_crazy_yiuf_cottage, uniq_robin
D:4:      grunt_temple_overflow_lords_of_destruction, first_bread

Skill      XL: |  1  2  3  4 |
---------------+-------------+-----
Transmutations | 3 4 |  4.0
Unarmed Combat | 4 |  4.0
Fighting       | |  1.0
Dodging        | |  2.0
Spellcasting   | |  2.0

Action                   |  1- 3 |  4- 6 || total
-------------------------+-------+-------++-------
Melee: Unarmed           |    53 |    19 ||    72
       Constrict         |    14 |     1 ||    15
       Kick              |     9 |       ||     9
       Punch             |     2 |       ||     2
       Tentacles         |     7 |       ||     7
 Cast: Beastly Appendage |     3 |       ||     3
       Sticks to Snakes  |     2 |       ||     2
       Spider Form       |     3 |     2 ||     5
 Abil: End Transformatio |     1 |       ||     1
 Stab: Sleeping          |     3 |       ||     3
  Eat: Chunk             |     1 |       ||     1
Armor: Skin              |     3 |     1 ||     4
Dodge: Dodged            |    21 |    14 ||    35
